Map: Ruines de Seras

Players

Worming - Winner!

  • Race: Zerg Zerg
  • League: Diamond

Sockisen

  • Race: Protoss Protoss
  • League: Platinum

VOD

Have the link to the VOD?

Description

Time

  • Played on: Nov. 28, 2015, 5:31 a.m.
  • Length: 27:10
Show
View Real Time Build Order
Export as new Build Order

Worming Zerg - Winner!

Build Orders: Pool First, Lurkers 

Get SALT Encoding   

  12  0:01  Drone  
  13  0:10  Drone  
  14  0:19  Drone, Extractor  
  14  0:20  Extractor  
  13  0:22  Drone  
  16  0:36  Spawning Pool  
  16  0:42  Overlord  
  15  1:06  Hatchery  
  15  1:09  Drone  
  15  1:12  Drone  
  15  1:16  Drone  
  17  1:24  Zergling x2  
  18  1:31  Queen  
  20  1:35  Drone  
  21  1:45  Overlord  
  21  1:46  Extractor  
  20  1:52  Drone  
  21  2:03  Drone  
  21  2:06  Queen  
  24  2:21  Drone x2  
  26  2:24  Queen  
  26  2:26  Drone  
  29  2:34  Drone  
  30  2:51  Drone x6  
  35  3:03  Drone  
  35  3:04  Overlord  
  36  3:11  Metabolic Boost  
  36  3:18  Spine Crawler  
  36  3:19  Roach Warren  
  34  3:26  Drone x6  
  40  3:34  Overlord  
  40  3:35  Overlord  
  40  3:44  Overlord  
  40  3:50  Zergling x4  
  40  3:51  Zergling x4  
  40  3:54  Zergling x2  
  40  3:55  Zergling x4  
  47  3:59  Lair  
  47  4:19  Drone x4  
  47  4:20  Drone x2  
  53  4:24  Extractor  
  53  4:25  Extractor  
  53  4:30  Drone, Hatchery  
  50  4:41  Drone x3  
  50  4:42  Drone x3  
  56  4:50  Evolution Chamber  
  56  4:51  Evolution Chamber  
  54  5:01  Glial Reconstitution  
  54  5:03  Overlord x2  
  54  5:04  Drone x3, Extractor  
  54  5:05  Overlord x2  
  56  5:22  Zerg Missile Weapons Level 1  
  56  5:23  Roach x2, Zerg Ground Armor Level 1  
  56  5:24  Roach  
  62  5:37  Overlord, Hydralisk Den  
  62  5:38  Overlord  
  62  5:42  Drone x5  
  66  5:54  Drone x3  
  66  5:55  Queen  
  71  6:08  Lurker Den  
  71  6:10  Drone x8  
  79  6:15  Hydralisk x3  
  83  6:29  Drone x3  
  83  6:30  Drone x6  
  83  6:32  Extractor x2  
  89  6:50  Overlord, Hydralisk  
  89  6:51  Hydralisk x3  
  97  6:59  Infestation Pit  
  97  7:00  Zergling x2  
  97  7:10  Roach  
  97  7:11  Roach x5  
  109  7:15  Hydralisk  
  109  7:16  Roach x3  
  109  7:18  Hatchery  
  116  7:24  Zerg Missile Weapons Level 2  
  116  7:26  Roach  
  116  7:27  Roach x4  
  125  7:36  Lurker  
  125  7:37  Lurker x3  
  127  7:48  Ravager  
  127  7:49  Ravager  
  114  7:55  Roach  
  114  7:56  Zergling x8, Roach x5  
  129  8:16  Overlord  
  129  8:17  Overlord x3  
  129  8:21  Hatchery  
  108  8:42  Hydralisk  
  108  8:43  Hydralisk x4  
  108  8:46  Lurker x2  
  108  8:47  Lurker  
  121  8:51  Overseer  
  121  8:54  Drone x2  
  123  8:57  Drone  
  123  9:14  Zerg Ground Armor Level 2  
  123  9:19  Extractor  
  123  9:20  Drone x3, Extractor  
  123  9:21  Drone x3, Spine Crawler  
  125  9:42  Roach x6, Hydralisk x4  
  125  9:45  Queen  
  145  9:50  Overlord x2, Hydralisk  
  145  9:51  Hydralisk  
  153  9:54  Hive  
  153  9:57  Drone  
  153  9:58  Drone x3  
  155  10:07  Roach x4  
  158  10:15  Roach x2  
  145  10:36  Drone x7  
  152  10:43  Queen  
  154  10:51  Lurker x2  
  154  10:52  Lurker x2  
  154  10:54  Zergling x12, Roach  
  154  10:55  Roach x5  
  176  11:03  Queen, Hatchery  
  177  11:07  Zergling x4  
  177  11:08  Zergling x4  
  170  11:24  Zergling x6, Roach x4  
  142  11:58  Roach  
  142  11:59  Roach x12  
  130  12:10  Pneumatized Carapace  
  122  12:21  Spire  
  118  12:23  Zerg Melee Weapons Level 1  
  118  12:24  Zerg Missile Weapons Level 3  
  118  12:25  Ravager x7  
  118  12:26  Ultralisk Cavern, Ravager x4, Hydralisk x3  
  118  12:27  Zergling x18  
  135  12:40  Drone x6  
  141  12:45  Hydralisk x9  
  141  12:51  Muscular Augments  
  159  12:57  Zergling x2  
  160  12:59  Zergling x2  
  160  13:05  Extractor x2  
  139  13:30  Roach x8, Hydralisk x9  
  141  13:42  Drone x6  
  141  13:45  Lurker  
  141  13:46  Lurker x4  
  141  13:47  Zergling x2  
  141  13:48  Zergling x10  
  158  13:55  Chitinous Plating  
  157  14:12  Zergling x2  
  157  14:17  Zerg Ground Armor Level 3  
  158  14:22  Roach  
  158  14:23  Zergling x4, Roach x6  
  174  14:25  Overlord x2  
  147  14:51  Roach x7, Hydralisk x9  
  140  15:17  Hatchery  
  140  15:18  Ultralisk x3  
  140  15:19  Ultralisk  
  155  15:26  Zerg Melee Weapons Level 2  
  155  15:29  Adrenal Glands  
  155  15:31  Zerg Flyer Weapons Level 1  
  147  15:46  Lurker x3  
  147  15:49  Lurker  
  151  15:50  Roach x2, Hydralisk x3  
  151  15:51  Overlord, Roach x2  
  138  16:07  Roach, Hydralisk x6  
  138  16:08  Roach  
  147  16:16  Zergling x16  
  155  16:26  Zergling x10  
  155  16:27  Zergling x6  
  134  17:02  Ultralisk x2, Hydralisk x6  
  134  17:03  Roach x2  
  134  17:04  Roach x2  
  134  17:05  Hatchery  
  160  17:17  Lurker x7  
  160  17:18  Hydralisk x3  
  160  17:19  Hydralisk  
  160  17:20  Overlord  
  175  17:31  Extractor, Hydralisk  
  175  17:32  Roach x3  
  175  17:35  Extractor  
  176  17:54  Spine Crawler  
  176  17:56  Spine Crawler  
  144  18:16  Hydralisk x2  
  144  18:17  Roach x4, Hydralisk x4  
  144  18:18  Roach x3, Hydralisk  
  160  18:35  Hydralisk x3  
  160  18:36  Roach x3  
  160  18:40  Ultralisk x2  
  160  18:41  Zergling x16, Ultralisk  
  196  18:49  Drone x3  
  196  18:53  Zergling x2  
  161  19:12  Zerg Melee Weapons Level 3  
  149  19:22  Hydralisk  
  139  19:25  Roach x2, Hydralisk x3  
  139  19:26  Roach x2  
  139  19:30  Lurker x4  
  154  19:34  Ravager x3  
  154  19:36  Overlord x2  
  154  19:37  Zergling x26  
  164  19:50  Lurker x3  
  164  19:52  Hydralisk x2  
  164  19:53  Zergling x6, Roach x2  
  175  20:23  Zergling x2  
  175  20:25  Hatchery, Mutalisk  
  175  20:26  Corruptor x6  
  189  20:56  Drone  
  190  20:57  Spire  
  158  22:05  Zergling x12, Hydralisk x9  
  158  22:06  Roach, Hydralisk  
  158  22:07  Roach x10  
  198  22:12  Greater Spire  
  191  22:34  Drone x4  
  195  22:42  Spine Crawler x2  
  195  22:43  Extractor x2  
  191  23:09  Lurker x4  
  189  23:57  Hydralisk x2  
  189  23:58  Roach x3  
  199  24:29  Ravager  
  200  24:44  Overseer  
  200  25:05  Hatchery  
  194  25:15  Drone x5  
  199  25:25  Spine Crawler  
  199  25:27  Spine Crawler  
  193  25:33  Burrow  
  187  25:49  Brood Lord x6  
  199  26:06  Extractor  
  199  26:07  Extractor  
  199  26:10  Zergling x2  
  199  26:11  Zergling x2  
Show
View Real Time Build Order
Export as new Build Order

Sockisen Protoss 

Build Orders:  

Get SALT Encoding   

  12  0:01  Probe (Chrono Boost)  
  13  0:11  Probe (Chrono Boost)  
  14  0:18  Pylon  
  14  0:23  Probe (Chrono Boost)  
  15  0:31  Assimilator  
  15  0:37  Probe (Chrono Boost)  
  16  0:45  Gateway  
  16  0:49  Probe (Chrono Boost)  
  17  0:59  Probe (Chrono Boost)  
  18  1:10  Probe (Chrono Boost), Pylon  
  19  1:13  Assimilator  
  19  1:23  Probe (Chrono Boost)  
  20  1:32  Cybernetics Core  
  20  1:34  Probe (Chrono Boost)  
  21  1:44  Gateway  
  21  1:50  Probe (Chrono Boost)  
  22  2:01  Probe (Chrono Boost)  
  23  2:09  Warp Gate  
  23  2:11  Probe (Chrono Boost)  
  23  2:13  Stalker (Chrono Boost)  
  27  2:22  Probe  
  27  2:35  Probe, Adept (Chrono Boost)  
  30  2:51  Nexus  
  30  3:06  Robotics Facility  
  30  3:15  Pylon  
  30  3:16  Probe (Chrono Boost)  
  30  3:19  Pylon  
  31  3:35  Pylon  
  31  3:36  Sentry x2  
  31  3:39  Probe (Chrono Boost)  
  36  3:49  Pylon  
  36  3:54  Gateway  
  36  4:09  Gateway  
  36  4:11  Pylon  
  36  4:14  Probe x2 (Chrono Boost)  
  38  4:24  Immortal  
  38  4:29  Probe (Chrono Boost)  
  43  4:36  Mothership Core (Chrono Boost)  
  45  4:46  Sentry x2  
  49  4:57  Probe x2 (Chrono Boost)  
  51  5:04  Immortal  
  55  5:08  Probe x2 (Chrono Boost)  
  57  5:14  Forge  
  57  5:18  Probe x2 (Chrono Boost)  
  59  5:25  Adept x2  
  59  5:26  Adept  
  65  5:29  Probe x2 (Chrono Boost)  
  67  5:40  Adept  
  69  5:43  Warp Prism  
  71  5:50  Probe x2 (Chrono Boost)  
  71  5:51  Photon Cannon  
  71  5:52  Protoss Ground Weapons Level 1 (Chrono Boost)  
  73  6:10  Probe (Chrono Boost)  
  73  6:11  Probe (Chrono Boost)  
  75  6:16  Gateway  
  75  6:17  Gateway  
  75  6:19  Gateway  
  75  6:20  Probe  
  76  6:36  Adept x4  
  84  6:47  Photon Cannon  
  84  6:50  Photon Cannon  
  84  7:01  Adept  
  86  7:17  Pylon  
  86  7:18  Pylon  
  86  7:21  Pylon  
  86  7:35  Observer  
  87  7:42  Stalker x3  
  87  7:43  Stalker  
  93  8:04  Protoss Ground Armor Level 1 (Chrono Boost)  
  93  8:10  Adept  
  93  8:11  Adept x3, Pylon  
  101  8:20  Pylon  
  101  8:22  Nexus, Adept x3, Pylon  
  101  8:24  Pylon  
  107  8:29  Immortal  
  107  8:32  Pylon  
  107  8:33  Pylon x2  
  111  8:35  Pylon  
  111  8:37  Pylon  
  111  8:39  Pylon  
  105  8:47  Pylon  
  105  8:49  Photon Cannon  
  105  9:01  Probe  
  105  9:03  Probe  
  105  9:05  Assimilator  
  105  9:08  Assimilator  
  107  9:10  Photon Cannon  
  107  9:19  Nexus  
  107  9:22  Pylon x2  
  107  9:25  Pylon  
  107  9:27  Pylon  
  101  9:40  Robotics Bay  
  101  9:41  Probe x2  
  101  9:42  Probe, Robotics Facility  
  104  9:49  Observer  
  104  9:51  Probe  
  105  9:55  Probe  
  106  10:03  Zealot x2  
  106  10:04  Zealot x3  
  106  10:05  Zealot  
  103  10:32  Adept  
  103  10:33  Adept x6  
  105  10:38  Disruptor  
  105  10:39  Disruptor  
  105  10:41  Probe  
  111  10:43  Probe  
  113  10:56  Probe  
  113  10:57  Probe x2  
  113  10:58  Probe  
  113  10:59  Twilight Council  
  117  11:06  Photon Cannon  
  117  11:07  Probe  
  117  11:10  Probe  
  113  11:24  Probe, Stalker  
  115  11:26  Probe  
  115  11:29  Assimilator  
  113  11:33  Assimilator  
  113  11:36  Photon Cannon  
  113  11:38  Photon Cannon  
  111  11:40  Photon Cannon, Adept  
  111  11:41  Adept x4  
  121  11:51  Disruptor x2  
  103  12:02  Zealot  
  103  12:03  Zealot  
  103  12:04  Stalker x3  
  103  12:05  Protoss Ground Weapons Level 2 (Chrono Boost), Stalker  
  100  12:23  Probe  
  100  12:24  Probe  
  102  12:33  Immortal (Chrono Boost)  
  102  12:36  Sentry x5, Immortal (Chrono Boost)  
  102  12:37  Sentry  
  122  12:39  Pylon  
  122  12:44  Probe x3  
  122  12:45  Probe  
  122  12:46  Pylon  
  126  12:56  Probe  
  126  12:57  Probe  
  128  13:03  Adept x4  
  128  13:04  Mothership Core, Adept  
  138  13:12  Zealot x2  
  123  13:36  Stalker x4  
  123  13:37  Stalker x3  
  123  13:40  Blink (Chrono Boost)  
  136  13:53  Probe, Disruptor (Chrono Boost)  
  136  13:54  Probe x2  
  139  13:57  Disruptor  
  145  14:13  Nexus  
  145  14:15  Pylon  
  145  14:16  Photon Cannon  
  145  14:17  Photon Cannon  
  145  14:18  Protoss Ground Weapons Level 3  
  145  14:26  Observer  
  145  14:30  Zealot x3  
  152  14:34  Observer  
  132  14:54  Immortal  
  132  14:59  Immortal  
  123  15:04  Zealot x2  
  123  15:06  Stalker  
  127  15:07  Stalker x4  
  122  15:41  Stalker x4  
  122  15:42  Stalker x3  
  122  15:52  Photon Cannon  
  122  15:54  Photon Cannon  
  122  15:55  Photon Cannon  
  122  15:57  Photon Cannon  
  122  15:59  Photon Cannon  
  122  16:01  Pylon  
  117  16:05  Disruptor  
  117  16:10  Disruptor  
  123  16:11  Stalker x3  
  123  16:12  Stalker x4  
  123  16:18  Assimilator  
  137  16:20  Assimilator  
  137  16:22  Probe x2  
  137  16:23  Probe x2  
  141  16:36  Assimilator  
  135  16:45  Assimilator  
  118  16:47  Immortal  
  118  16:52  Immortal  
  120  16:55  Robotics Facility  
  120  17:02  Robotics Facility  
  120  17:05  Adept x2  
  120  17:06  Adept x5  
  122  17:26  Stalker  
  122  17:27  Stalker x5  
  122  17:29  Zealot  
  124  17:56  Immortal (Chrono Boost)  
  132  17:58  Immortal x2 (Chrono Boost)  
  132  17:59  Immortal (Chrono Boost)  
  113  18:19  Stalker x3  
  111  18:20  Stalker x4  
  94  18:50  Adept x6  
  94  18:51  Adept  
  94  18:54  Charge  
  110  18:56  Warp Prism (Chrono Boost)  
  110  18:57  Warp Prism (Chrono Boost)  
  94  19:13  Stalker x4  
  94  19:14  Stalker x2  
  80  19:24  Immortal (Chrono Boost)  
  80  19:38  Stalker x3  
  82  19:39  Nexus  
  86  19:57  Immortal x2 (Chrono Boost)  
  94  20:03  Pylon  
  94  20:11  Zealot x3  
  100  20:24  Photon Cannon  
  100  20:26  Photon Cannon  
  100  20:31  Zealot x2  
  100  20:33  Zealot  
  106  20:37  Zealot  
  108  20:48  Zealot x2  
  108  20:50  Zealot  
  108  20:56  Zealot  
  108  21:00  Zealot  
  108  21:02  Zealot  
  112  21:09  Zealot  
  112  21:10  Zealot  
  89  21:37  Stalker x4  
  89  21:38  Stalker x2  
  99  21:45  Immortal (Chrono Boost)  
  67  22:05  Adept  
  67  22:06  Adept x3  
  51  22:17  Probe  
  52  22:24  Zealot x3  
  52  22:25  Zealot  
  52  22:27  Probe  
  61  22:36  Cybernetics Core  
  61  22:41  Nexus  
  60  22:56  Zealot x3  
  66  23:04  Zealot  
  66  23:24  Sentry x2  
  66  23:25  Sentry x4  
  43  24:17  Observer (Chrono Boost)  
  41  24:49  Pylon  
  41  24:50  Pylon  
  41  24:56  Zealot x4  
  41  24:57  Zealot  
  51  25:07  Zealot  
  51  25:13  Zealot  
  47  25:39  Disruptor (Chrono Boost)  
  47  25:44  Disruptor (Chrono Boost)  
  47  25:45  Probe  
  48  25:56  Probe  
  48  25:59  Assimilator  
  48  26:01  Assimilator  
  39  26:57  Nexus  
  39  27:00  Pylon  
  40  27:03  Zealot x2  
Tags
 
Composition
Lurkers
Matchup
PvZ
Opening
Pool First
Replay Pack
replay pack
Add a new tag
Caveats
  • Supply blocks, unpowered buildings, or Contaminate may cause inaccurate times.
  • Supply counts are checked every 10 seconds.